 Dungeon Crawl Stone Soup version 0.26.0-10-g1f06aea511 (webtiles) character file.

Game seed: 2877353830858706533

67 Borgoz the Slasher (level 4, 0/37 HPs)
             Began as a Ghoul Gladiator on Jan 15, 2021.
             Slain by an orc
             ... wielding a +0 morningstar
              (8 damage)
             ... on level 3 of the Dungeon.
             The game lasted 00:02:10 (2400 turns).

Borgoz the Slasher (Ghoul Gladiator)                Turns: 2400, Time: 00:02:11

Health: 0/37       AC:  5    Str: 17    XL:     4   Next: 18%
Magic:  3/3        EV:  9    Int:  3    God:
Gold:   94         SH:  9    Dex: 11    Spells: 3/3 levels left

rFire    + . .     SeeInvis .   a - +0 long sword
rCold    + + .     Faith    .   o - +2 kite shield
rNeg     + + +     Spirit   .   b - +0 leather armour
rPois    ∞         Reflect  .   c - +0 helmet
rElec    .         Harm     .   l - scarf {rC+ rF+}
rCorr    .         Rampage  .   n - +0 pair of gloves
Will     .....                  (no boots)
Stlth    +.........             i - amulet of the acrobat
HPRegen  0.00/turn              (no ring)
MPRegen  0.08/turn              (no ring)

@: no status effects
A: claws 1, cold resistance 1, negative energy resistance 3, inhibited
regeneration, torment resistance, unbreathing
a: no special abilities


You were on level 3 of the Dungeon.
You visited 1 branch of the dungeon, and saw 3 of its levels.

You collected 94 gold pieces.

Inventory:

Hand Weapons
 a - a +0 long sword (weapon)
Missiles
 d - 3 throwing nets (quivered)
Armour
 b - a +0 leather armour (worn)
 c - a +0 helmet (worn)
 l - a scarf of resistance (worn)
 n - a +0 pair of gloves (worn)
 o - a +2 kite shield (worn)
Jewellery
 i - an amulet of the acrobat (around neck)
Scrolls
 j - 2 scrolls of fog
 k - a scroll of enchant armour {unknown}
 p - a scroll of blinking {unknown}
 s - a scroll of immolation {unknown}
 t - a scroll of teleportation {unknown}
 u - a scroll of fear {unknown}
 v - a scroll of enchant weapon {unknown}
Potions
 e - a potion of brilliance
 g - a potion of degeneration {unknown}
 h - 2 potions of lignification
 m - a potion of berserk rage
 r - a potion of might {unknown}


   Skills:
 + Level 2.8 Fighting
 * Level 3.3 Long Blades
 - Level 1.7 Throwing
 * Level 1.7 Armour
 + Level 3.0 Dodging


You had 3 spell levels left.
You didn't know any spells.
Your spell library was empty.

Dungeon Overview and Level Annotations

Branches:
Dungeon (3/15)

Altars:
Yredelemnul


Innate Abilities, Weirdness & Mutations

You thrive by killing the living.
You are immune to poison.
You have sharp fingernails.
Your flesh is cold resistant. (rC+)
You are immune to negative energy. (rN+++)
You do not regenerate when monsters are visible.
You are immune to unholy pain and torment.
You can survive without breathing.


Message History

You barely miss the orc wizard.
The orc wizard miscasts a cantrip.
You block the orc's attack.
You completely miss the orc wizard. The orc barely misses you.
You block the orc's attack.
You slash the orc wizard!
The orc wizard is severely wounded.
The orc wizard hits you with a +0 dagger.
The orc barely misses you. The orc hits you with a +0 morningstar!
You barely miss the orc wizard.
The orc wizard is severely wounded.
The orc closely misses you. The orc hits you with a +0 morningstar!
* * * LOW HITPOINT WARNING * * *
The orc wizard barely misses you. You block the orc's attack.
You are too injured to fight recklessly!
You are too injured to fight recklessly!
You are too injured to fight recklessly!
It was a potion of magic.
Magic courses through your body. The orc hits you with a +0 morningstar!
You die...

#. #.## #..#
#..# #..#
##.o#
######.oo#
.......#@#
###########o.#
+...........##
######.#####
#.# #†# #.#
#.# #.#


You could see 2 orc wizards and 2 orcs.

Vanquished Creatures
  3 adders (D:2)
  2 worms (D:2)
  A dart slug (D:2)
  A leopard gecko (D:1)
  2 gnoll zombies (D:2)
  5 goblins
  4 hobgoblins
  A quokka (D:3)
  3 bats
  3 frilled lizards
  9 rats
34 creatures vanquished.

Notes
Turn   | Place    | Note
-------+----------+-------------------------------------------
     0 | D:1      | Borgoz the Ghoul Gladiator began the quest for the Orb.
     0 | D:1      | Reached XP level 1. HP: 17/17 MP: 0/0
   278 | D:1      | Reached XP level 2. HP: 24/24 MP: 1/1
   848 | D:1      | You fall into a shaft and drop 1 floor!
   932 | D:1      | Reached skill level 1 in Armour
  1459 | D:2      | Reached XP level 3. HP: 29/30 MP: 2/2
  1970 | D:2      | Reached XP level 4. HP: 37/37 MP: 3/3
  2208 | D:2      | Found a basalt altar of Yredelemnul.
  2400 | D:3      | Slain by an orc

Illustrated notes

Levels and vault maps discovered:
D:1:      dpeg_arrival_ratfight, layout_basic
D:2:      layout_loops_ring, lemuel_zombie_altar_yredelemnul
D:3:      cheibrodos_pilgrimage, layout_basic, makhleb_blood_cavern_becter,
          nicolae_ru_path_of_blood, chequers_ecumenical_altar_grove

Skill      XL: |  1  2  3 |
---------------+----------+-----
Armour         | 1 |  1.7
Long Blades    | 3 |  3.3
Dodging        | 3 |  3.0
Fighting       | |  2.8
Throwing       | |  1.7

Action                   |  1- 3 |  4- 6 || total
-------------------------+-------+-------++-------
Melee: Long sword        |    99 |    17 ||   116
Throw: Throwing net      |     2 |       ||     2
  Use: Scroll            |     4 |       ||     4
       Potion            |       |     2 ||     2
 Stab: Held in net/web   |     1 |       ||     1
Armor: Leather armour    |    28 |       ||    28
Dodge: Dodged            |    47 |     7 ||    54
Block: Kite shield       |    29 |    10 ||    39
       Rpst.: Long sword |    19 |     1 ||    20
